[Event "IV Torneo de Semana Santa"]
[Site "Los Llanos de Aridane"]
[Date "2019.04.13"]
[Round "1.5"]
[White "Espinel Rosales, Yeremay"]
[Black "Hernandez Leon, Alberto"]
[Result "0-1"]
[ECO "A40"]
[WhiteElo "1453"]
[BlackElo "2280"]
[Annotator "ChessBase"]
[PlyCount "42"]
[EventDate "2019.04.13"]
[EventType "swiss"]
[EventCountry "ESP"]
[SourceTitle "playchess.com"]
[Source "ChessBase"]
[SourceQuality "1"]
[TimeControl "5400+30"]

1. d4 c5 2. d5 g6 3. c4 Bg7 4. Nc3 Bxc3+ 5. bxc3 f5 6. g3 Qa5 7. Qc2 Nf6 8. Bg2 d6 9. Bd2 Nbd7 10. Nh3 Nb6 11. O-O Qa6 12. Rfe1 Qxc4 13. e4 fxe4 14. Bf1 Qxd5 15. Nf4 Qf7 16. Rab1 O-O 17. c4 g5 18. Nd5 Nfxd5 19. cxd5 Qxf2+ 20. Kh1 Bg4 21. Be2 Bxe2 0-1

[Event "IV Torneo de Semana Santa"]
[Site "Los Llanos de Aridane"]
[Date "2019.04.13"]
[Round "1.6"]
[White "Rodriguez Ferraz, Borja"]
[Black "Gomez, Carlos David"]
[Result "1-0"]
[ECO "A38"]
[WhiteElo "2212"]
[BlackElo "2340"]
[Annotator "NA"]
[PlyCount "33"]
[EventDate "2019.04.13"]
[EventType "swiss"]
[EventCountry "ESP"]
[SourceTitle "playchess.com"]
[Source "ChessBase"]
[SourceQuality "1"]
[TimeControl "5400+30"]

1. c4 c5 2. g3 g6 3. Bg2 Bg7 4. Nf3 Nc6 5. O-O e5 6. Nc3 Nf6 7. d3 O-O 8. Nd2 d6 9. a3 a6 10. Rb1 Qa5 11. Nde4 Rd8 12. Nxf6+ Bxf6 13. Nd5 Bg7 14. Bd2 Nb4 15. axb4 cxb4 16. Bxb4 Qa2 17. Nc3 1-0

[Event "IV Torneo de Semana Santa"]
[Site "Los Llanos de Aridane"]
[Date "2019.04.14"]
[Round "2.1"]
[White "Andres Gonzalez, Ivan"]
[Black "Martin Rodriguez, Pablo"]
[Result "1-0"]
[ECO "B43"]
[WhiteElo "2323"]
[BlackElo "2002"]
[Annotator "NA"]
[PlyCount "49"]
[EventDate "2019.04.13"]
[EventType "swiss"]
[EventCountry "ESP"]
[SourceTitle "playchess.com"]
[Source "ChessBase"]
[SourceQuality "1"]
[TimeControl "5400+30"]

1. e4 c5 2. Nc3 e6 3. Nf3 a6 4. d4 cxd4 5. Nxd4 Bb4 6. Bd3 {[%emt 0:01:56] B43: Sicilian: Kan Variation: 5 Nc3} d6 7. O-O Nf6 8. Bg5 (8. Nce2 Bc5 9. Kh1 b5 10. a4 b4 11. Nb3 Ba7 12. Bg5 Nc6 13. f4 h6 14. Bxf6 Qxf6 {1-0 (31) Grigoryan,K (2571)-Aranda Marin,C (2316) Roquetas de Mar 2017}) 8... Nbd7 9. Kh1 O-O 10. f4 Qc7 11. Qf3 $146 ({Predecessor:} 11. Nce2 b5 12. c3 Bc5 13. Ng3 Bb7 14. Qe2 {1-0 (36) Borges,V (2179)-Sakakibara,S (2037) Maringa 2018}) 11... Bxc3 12. bxc3 h6 13. Bh4 b5 14. Rae1 Bb7 15. Qg3 Rac8 16. e5 dxe5 17. fxe5 Nd5 18. Rf3 Nxc3 19. Bf6 Nxf6 20. Rxf6 Kh8 $2 {[%emt 0:09:12] [#]} (20... Rfd8 $11 {and Black stays safe.} 21. Rf4 g5) 21. Qh4 $3 Rfd8 22. Rxh6+ gxh6 23. Qxh6+ Kg8 24. Bh7+ Kh8 25. Re3 1-0

[Event "IV Torneo de Semana Santa"]
[Site "Los Llanos de Aridane"]
[Date "2019.04.14"]
[Round "2.2"]
[White "Rodriguez Falcon, Jesus Manuel"]
[Black "Brito Garcia, Alfredo"]
[Result "0-1"]
[ECO "A05"]
[WhiteElo "1936"]
[BlackElo "2311"]
[Annotator "NA"]
[PlyCount "56"]
[EventDate "2019.04.13"]
[EventType "swiss"]
[EventCountry "ESP"]
[SourceTitle "playchess.com"]
[Source "ChessBase"]
[SourceQuality "1"]
[TimeControl "5400+30"]

1. e4 d6 2. Nf3 Nf6 3. d3 g6 4. g3 Bg7 5. Bg2 O-O 6. O-O e5 7. c3 Nbd7 8. Re1 a5 9. d4 Re8 10. Nbd2 a4 11. b4 d5 12. dxe5 Nxe4 (12... Nxe5 $11 13. Nxe5 Rxe5) 13. Nxe4 dxe4 14. Ng5 (14. Bg5 $1 $14 f6 15. exf6 Nxf6 16. Qxd8 Rxd8 17. Nd2) 14... Nxe5 15. Qxd8 Rxd8 16. Nxe4 Nd3 17. Rd1 Bg4 $11 18. f3 Nxc1 19. Raxc1 Be6 20. a3 Bb3 21. Rxd8+ Rxd8 22. Nc5 Rd1+ 23. Rxd1 Bxd1 24. Bf1 Bxc3 25. Nxb7 Bb2 26. Bb5 Bxa3 27. Nc5 Bxb4 28. Nxa4 Bxf3 0-1

[Event "IV Torneo de Semana Santa"]
[Site "Los Llanos de Aridane"]
[Date "2019.04.14"]
[Round "2.3"]
[White "Acosta Sosa, Juan Manuel"]
[Black "Bazan Solera, Manuel"]
[Result "1-0"]
[ECO "A26"]
[WhiteElo "2287"]
[BlackElo "1923"]
[Annotator "NA"]
[PlyCount "39"]
[EventDate "2019.04.13"]
[EventType "swiss"]
[EventCountry "ESP"]
[SourceTitle "playchess.com"]
[Source "ChessBase"]
[SourceQuality "1"]
[TimeControl "5400+30"]

1. c4 Nf6 2. Nc3 g6 3. g3 Bg7 4. Bg2 d6 5. e4 O-O 6. Nge2 Nc6 7. O-O e5 8. d3 Bg4 9. f3 Be6 10. f4 Bg4 11. h3 Bxe2 12. Nxe2 Nh5 13. f5 Bf6 14. g4 Ng7 15. Nc3 Ne7 16. g5 Bxg5 $18 17. Bxg5 f6 18. Bh6 gxf5 19. exf5 Nexf5 20. Rxf5 1-0

[Event "IV Torneo de Semana Santa"]
[Site "Los Llanos de Aridane"]
[Date "2019.04.14"]
[Round "2.4"]
[White "Navio Lopez, Manuel"]
[Black "Alonso Alvarez, Aitor"]
[Result "*"]
[ECO "E14"]
[WhiteElo "1877"]
[BlackElo "2284"]
[Annotator "ChessBase"]
[PlyCount "44"]
[EventDate "2019.04.13"]
[EventType "swiss"]
[EventCountry "ESP"]
[SourceTitle "playchess.com"]
[Source "ChessBase"]
[SourceQuality "1"]
[TimeControl "5400+30"]

1. Nf3 Nf6 2. b3 d5 3. Bb2 e6 4. e3 Bd6 5. d4 O-O 6. Bd3 b6 7. O-O Bb7 8. c4 Ne4 9. cxd5 exd5 10. Nc3 a6 11. Rc1 Nd7 12. Qc2 Re8 13. a3 Qe7 14. Ne2 Rec8 15. Ng3 Nxg3 16. Bxh7+ Kh8 17. fxg3 g6 18. Bxg6 fxg6 19. Ne5 Bxe5 20. dxe5 Qe6 21. Rf4 c5 22. Rcf1 Rf8 *

[Event "IV Torneo de Semana Santa"]
[Site "Los Llanos de Aridane"]
[Date "2019.04.14"]
[Round "2.5"]
[White "Hernandez Leon, Alberto"]
[Black "Rodriguez Miranda, Sergio"]
[Result "1-0"]
[ECO "E92"]
[WhiteElo "2280"]
[BlackElo "1859"]
[Annotator "NA"]
[PlyCount "59"]
[EventDate "2019.04.13"]
[EventType "swiss"]
[EventCountry "ESP"]
[SourceTitle "playchess.com"]
[Source "ChessBase"]
[SourceQuality "1"]
[TimeControl "5400+30"]

1. d4 Nf6 2. Nf3 g6 3. c4 Bg7 4. Nc3 O-O 5. e4 d6 6. Be2 e5 7. Be3 Qe8 8. dxe5 Ng4 9. Bc1 Nxe5 10. Nd4 Nec6 11. Ndb5 Na6 12. O-O Be6 13. Be3 Qd7 14. Qd2 Rfe8 15. Rfd1 b6 16. Nd5 Rac8 17. Bh6 Bh8 $16 18. Nbc3 Nd4 19. Bf1 Bxd5 20. cxd5 Nc5 21. f3 a6 22. Be3 Nb5 23. Nxb5 axb5 24. Qb4 Re5 25. Bxb5 Qe7 26. Qd2 Rh5 27. Rac1 Qh4 28. g3 Qh3 29. b4 Nd7 30. Bf1 1-0

[Event "IV Torneo de Semana Santa"]
[Site "Los Llanos de Aridane"]
[Date "2019.04.14"]
[Round "2.6"]
[White "Santos Izquierdo, Carlos"]
[Black "Rodriguez Ferraz, Borja"]
[Result "0-1"]
[ECO "E09"]
[WhiteElo "1761"]
[BlackElo "2212"]
[Annotator "NA"]
[PlyCount "120"]
[EventDate "2019.04.13"]
[EventType "swiss"]
[EventCountry "ESP"]
[SourceTitle "playchess.com"]
[Source "ChessBase"]
[SourceQuality "1"]
[TimeControl "5400+30"]

1. c4 Nf6 2. g3 e6 3. Bg2 Be7 4. d4 d5 5. Nf3 O-O 6. O-O c6 7. Qc2 Nbd7 8. Nbd2 b6 9. e4 dxe4 10. Nxe4 Bb7 11. h3 $146 {[%emt 0:13:56] E09: Closed Catalan: Main Line: 7 Qc2 c6 8 Nbd2} ({Predecessor:} 11. Rd1 Nxe4 12. Qxe4 Qc7 13. Bf4 Bd6 14. Bxd6 Qxd6 15. c5 Qe7 16. b4 a5 17. a3 Rfd8 18. Ne5 Nxe5 19. Qxe5 axb4 20. axb4 b5 21. h4 Qd7 22. Bf3 h6 {0-1 (63) Khairullin,I (2613)-Krapivin,A (2500) St Petersburg 2009}) 11... h6 12. Be3 Qc8 13. Rac1 c5 14. Ned2 Rd8 15. Rfd1 cxd4 16. Nxd4 Bxg2 17. Kxg2 Qb7+ 18. Kh2 Bc5 19. f4 e5 20. Nf5 Bxe3 21. Nxe3 exf4 22. gxf4 Nc5 23. Ndf1 Qf3 24. Qg2 Qxf4+ 25. Qg3 Nh5 26. Qxf4 Nxf4 27. Ng3 Ncd3 28. Rc2 Nb4 29. Rcd2 Rxd2+ 30. Rxd2 Nxa2 31. Rd7 Nb4 32. Ngf5 Nc6 33. Rc7 Ne5 34. Ne7+ Kh7 35. N7d5 Ne6 36. Re7 Kg6 37. Kg3 Nc6 38. Rd7 Rd8 39. Rb7 f5 40. Kf2 f4 41. Ng2 Rf8 42. Nh4+ Kh5 43. Nf3 g5 44. b4 Rf5 45. Nd2 (45. Rd7 $17) 45... Ned4 $19 46. Ne4 Ne5 47. Ndf6+ Kg6 48. Nd5 Nd3+ 49. Kf1 Rf7 50. Ne7+ Kh5 51. Nd6 Rf6 52. Ne8 Rf7 53. Nd6 Rf8 54. b5 f3 55. Ne4 Rf4 56. Ng3+ Kh4 57. Ng6+ Kxg3 58. Nxf4 Nxf4 59. Rxa7 Nc2 60. Re7 Ng2 0-1

[Event "IV Torneo de Semana Santa"]
[Site "Los Llanos de Aridane"]
[Date "2019.04.14"]
[Round "2.7"]
[White "Rodriguez Centenera, Sara"]
[Black "Hernandez Leon, Sergio"]
[Result "0-1"]
[ECO "A45"]
[WhiteElo "1704"]
[BlackElo "2157"]
[Annotator "NA"]
[PlyCount "94"]
[EventDate "2019.04.13"]
[EventType "swiss"]
[EventCountry "ESP"]
[SourceTitle "playchess.com"]
[Source "ChessBase"]
[SourceQuality "1"]
[TimeControl "5400+30"]

1. d4 Nf6 2. c3 g6 3. Nd2 Bg7 4. e3 O-O 5. Bd3 (5. Be2 d6 6. e4 Nbd7 7. f4 e5 8. fxe5 dxe5 9. d5 c6 10. dxc6 bxc6 11. Ngf3 {0-1 (39) Lebel Arias,J (1724)-Tsiganova,M (2102) Batumi 2018}) 5... d6 6. Ne2 {[%emt 0:01:48] A45: Trompowsky Attack} c5 7. O-O b6 $146 ({Predecessor:} 7... Nc6 8. b3 a6 9. Bb2 e5 10. Rc1 Bd7 11. Ne4 {1-0 (33) Dettmann,H (1945)-Laske,M (1922) Mecklenburg VP 2009}) 8. e4 Bb7 9. b3 cxd4 10. cxd4 Nc6 11. Bb2 Nd7 12. Rc1 Rc8 13. Nc4 b5 14. Ne3 a6 15. a3 e5 16. d5 Ne7 17. Rxc8 Qxc8 18. Qc2 Qxc2 19. Bxc2 f5 20. f3 Bh6 21. Nd1 Rc8 22. Bb1 Nc5 23. Bc1 Bxc1 24. Nxc1 Nxe4 25. fxe4 Rxc1 26. Nf2 Rxf1+ 27. Kxf1 Kf8 28. g4 (28. b4 $17) 28... fxe4 29. Nxe4 Bxd5 30. Nxd6 Bxb3 31. Be4 Bd5 32. Bd3 Nc6 33. Ne4 Bxe4 34. Bxe4 Na5 35. Ke2 Nc4 36. a4 bxa4 37. Bd5 Nd6 38. Ke3 h6 39. h4 Ke7 40. g5 hxg5 41. hxg5 Kd7 42. Kd3 Kc7 43. Kc3 a5 44. Kb2 e4 45. Kc3 a3 $19 46. Kd4 Nb5+ 47. Kc4 a2 {[%emt 0:00:07] Kd4 [%emt 00:00:09] Kd6+ [%emt 00:00:21]} 0-1

[Event "IV Torneo de Semana Santa"]
[Site "Los Llanos de Aridane"]
[Date "2019.04.14"]
[Round "2.8"]
[White "Leon Varela, Luis"]
[Black "Alonso Perez, Alfredo"]
[Result "1/2-1/2"]
[ECO "D48"]
[WhiteElo "2154"]
[BlackElo "1735"]
[Annotator "NA"]
[PlyCount "102"]
[EventDate "2019.04.13"]
[EventType "swiss"]
[EventCountry "ESP"]
[SourceTitle "playchess.com"]
[Source "ChessBase"]
[SourceQuality "1"]
[TimeControl "5400+30"]

1. d4 d5 2. c4 c6 3. Nf3 Nf6 4. e3 e6 5. Nc3 Nbd7 6. Bd3 dxc4 7. Bxc4 b5 8. Bd3 a6 9. a4 b4 10. Ne4 c5 11. Nxf6+ Nxf6 12. Ne5 Bb7 13. a5 Nd7 14. Qa4 f6 15. Nc4 Qc7 16. Nb6 Rd8 17. Bc4 $17 (17. O-O $11) 17... Bxg2 18. Rg1 Qxh2 19. Rxg2 Qxg2 20. Bxe6 Qb7 21. Bd5 Qc7 22. Bd2 Ke7 23. Rc1 Nxb6 24. axb6 Qxb6 25. Rxc5 Rxd5 26. Rxd5 Kf7 27. Ra5 Be7 28. Rxa6 Qb7 29. Ra7 Qh1+ 30. Ke2 Qh5+ 31. f3 Qh2+ 32. Kd3 Re8 33. Bxb4 Qxb2 34. Bc5 Qb1+ 35. Ke2 Qb2+ 36. Kd3 Qb1+ 37. Qc2 Qxc2+ 38. Kxc2 Kf8 39. Kd3 h5 40. Rxe7 Rxe7 41. e4 Ke8 42. Bxe7 Kxe7 43. Ke3 g5 44. Kf2 Ke6 45. Kg2 f5 46. Kh2 fxe4 47. fxe4 Kf6 48. Kg3 Ke6 49. Kf3 Kf6 50. Kg3 Ke6 51. Kf3 Kf6 1/2-1/2

[Event "IV Torneo de Semana Santa"]
[Site "Los Llanos de Aridane"]
[Date "2019.04.14"]
[Round "2.9"]
[White "Ramos Perez, Felipe"]
[Black "Hidalgo Santana, Fernando"]
[Result "0-1"]
[ECO "B08"]
[WhiteElo "1667"]
[BlackElo "2116"]
[Annotator "NA"]
[PlyCount "74"]
[EventDate "2019.04.13"]
[EventType "swiss"]
[EventCountry "ESP"]
[SourceTitle "playchess.com"]
[Source "ChessBase"]
[SourceQuality "1"]
[TimeControl "5400+30"]

1. e4 d6 2. d4 Nf6 3. Nc3 g6 4. Nf3 Bg7 5. Be2 O-O 6. O-O c6 7. a4 Qc7 8. h3 e5 9. dxe5 dxe5 10. Be3 Nbd7 11. Qd2 b6 {[%emt 0:00:14] B08: Pirc Defence: Classical System} (11... Re8 12. Rfd1 Bf8 13. Bc4 Nc5 14. Ng5 Be6 15. Qe2 a5 16. Bxc5 Bxc5 17. Bxe6 fxe6 18. Qc4 Qe7 19. Nf3 Bd6 20. Ne2 Rad8 {1-0 (47) Efimenko,Z (2654)-Mamedov,R (2626) Ohrid 2009}) 12. Rad1 Bb7 13. Qd6 Rfc8 14. Bc4 h6 $146 ({Predecessor:} 14... Qxd6 15. Rxd6 Bf8 {1-0 (41) Malisauskas,V (2505)-Urban,K (2395) Warsaw 1991}) 15. Qxc7 Rxc7 16. Bb3 a6 17. Nd2 b5 18. f4 Nh5 19. fxe5 Nxe5 20. Nf3 Ng3 21. Rf2 b4 22. Nxe5 bxc3 23. Nxf7 Kh7 24. Bf4 Rxf7 25. Bxf7 Nxe4 26. Re2 c5 27. Rd7 Bc6 28. Rc7 cxb2 29. Bxg6+ Kxg6 30. Rxc6+ Kf5 31. Rb6 Kxf4 32. g3+ Kf3 33. Rg2 Rd8 34. Rb3+ Bc3 35. Kh2 Rd1 36. Rb7 Bb4 37. Rf7+ Ke3 0-1

[Event "IV Torneo de Semana Santa"]
[Site "Los Llanos de Aridane"]
[Date "2019.04.14"]
[Round "3.5"]
[White "Guerra Arrocha, Daniel"]
[Black "Hernandez Leon, Alberto"]
[Result "1/2-1/2"]
[ECO "B52"]
[WhiteElo "2065"]
[BlackElo "2280"]
[Annotator "NA"]
[PlyCount "42"]
[EventDate "2019.04.13"]
[EventType "swiss"]
[EventCountry "ESP"]
[SourceTitle "playchess.com"]
[Source "ChessBase"]
[SourceQuality "1"]
[TimeControl "5400+30"]

1. e4 c5 2. Nf3 d6 3. Bb5+ Bd7 4. Bxd7+ Qxd7 5. O-O Nf6 6. Re1 Nc6 7. c3 e6 8. d4 cxd4 9. cxd4 d5 10. e5 Ne4 11. Nbd2 Nxd2 12. Bxd2 Be7 13. Rc1 O-O 14. a3 Rfc8 15. Rc3 Nd8 16. Rd3 Qc7 17. Rc3 Qb6 18. Rb3 Qc7 19. Rc3 Qb6 20. Rb3 Qc7 21. Rc3 Qb6 1/2-1/2

[Event "IV Torneo de Semana Santa"]
[Site "Los Llanos de Aridane"]
[Date "2019.04.14"]
[Round "3.6"]
[White "Hernandez Capote, Carmen"]
[Black "Rodriguez Lorenzo, Yadira"]
[Result "0-1"]
[ECO "E07"]
[WhiteElo "1703"]
[BlackElo "1966"]
[Annotator "NA RC"]
[PlyCount "80"]
[EventDate "2019.04.13"]
[EventType "swiss"]
[EventCountry "ESP"]
[SourceTitle "playchess.com"]
[Source "ChessBase"]
[SourceQuality "1"]
[TimeControl "5400+30"]

1. Nf3 Nf6 2. c4 e6 3. g3 d5 4. Bg2 Be7 5. O-O O-O 6. d4 Nbd7 7. b3 Re8 {[%emt 0:04:50] E07: Closed Catalan: Main Line (5 Nf3 0-0 6 0-0 Nbd7)} (7... dxc4 8. bxc4 c5 9. e3 Qc7 10. Qb3 b6 11. Nc3 Bb7 12. Nb5 Qc8 13. Bb2 cxd4 14. exd4 a6 15. Nc3 b5 16. cxb5 axb5 17. Rfc1 b4 {½-½ (17) Kovalyov,A (2652)-Shimanov,A (2641) Columbus 2017}) 8. Bb2 Ne4 9. Nbd2 Nxd2 $146 ({Predecessor:} 9... Ndf6 10. Ne5 Nxd2 11. Qxd2 Bd7 12. Rfe1 Rc8 13. Rad1 c6 14. e4 Qc7 15. Rc1 dxe4 16. Bxe4 {1-0 (30) Regert,C-Gaede,D Germany 1997}) 10. Nxd2 Nf6 11. e4 dxe4 12. Nxe4 Nxe4 13. Bxe4 Bf6 14. Qc2 Bxd4 15. Rad1 e5 16. Bxh7+ Kh8 17. Bf5 c5 18. h4 Qf6 19. Bxc8 Raxc8 20. Bc1 e4 21. Qe2 Qg6 22. Kg2 Rc6 23. h5 Qf5 24. Be3 Qe5 25. Rh1 Rf6 26. h6 ({Better is} 26. Rh4 $11) 26... g6 27. Bf4 (27. Qd2 $15) 27... Qf5 28. b4 $17 (28. h7 $15) 28... b6 29. bxc5 bxc5 30. Rb1 g5 31. Rh5 gxf4 32. Rxf5 f3+ 33. Kg1 fxe2 34. Rxf6 Bxf6 35. Re1 Kh7 36. Rxe2 Kxh6 37. f4 Bd4+ 38. Kg2 f5 39. Re1 Rb8 40. Re2 Rb2 0-1

[Event "IV Torneo de Semana Santa"]
[Site "Los Llanos de Aridane"]
[Date "2019.04.14"]
[Round "3.7"]
[White "Haertl, Siegfried"]
[Black "Nordgreen, Jan Thomas"]
[Result "1-0"]
[ECO "E91"]
[WhiteElo "1911"]
[BlackElo "1451"]
[Annotator "NA"]
[PlyCount "67"]
[EventDate "2019.04.13"]
[EventType "swiss"]
[EventCountry "ESP"]
[SourceTitle "playchess.com"]
[Source "ChessBase"]
[SourceQuality "1"]
[TimeControl "5400+30"]

1. d4 Nf6 2. Nf3 g6 3. c4 Bg7 4. Nc3 d6 5. e4 Bg4 6. Be2 O-O 7. h3 Bxf3 8. Bxf3 Nc6 9. Be3 Qd7 10. Qd2 Rad8 11. O-O e6 12. Rab1 Rc8 13. b4 Ne7 14. Bh6 d5 15. Bxg7 Kxg7 16. e5 Nfg8 17. cxd5 Nxd5 18. Bxd5 exd5 19. f4 Ne7 20. Nd1 b6 21. Rc1 Qb5 22. Ne3 c5 23. bxc5 bxc5 24. f5 gxf5 25. Nxf5+ Nxf5 26. Qg5+ Kh8 27. Qxf5 Qb4 28. Qf6+ Kg8 29. Rf4 Qxd4+ 30. Rxd4 cxd4 31. Rxc8 Rxc8 32. e6 Rc1+ 33. Kh2 fxe6 34. Qg5+ 1-0

[Event "IV Torneo de Semana Santa"]
[Site "Los Llanos de Aridane"]
[Date "2019.04.15"]
[Round "4.1"]
[White "Acosta Sosa, Juan Manuel"]
[Black "Rodriguez Ferraz, Borja"]
[Result "0-1"]
[ECO "A18"]
[WhiteElo "2287"]
[BlackElo "2212"]
[Annotator "RC"]
[PlyCount "120"]
[EventDate "2019.04.13"]
[EventType "swiss"]
[EventCountry "ESP"]
[SourceTitle "playchess.com"]
[Source "ChessBase"]
[SourceQuality "1"]
[TimeControl "5400+30"]

1. c4 Nf6 2. Nc3 e6 3. e4 d6 4. d4 Nbd7 5. Nf3 c5 6. d5 e5 7. Be2 g6 8. h3 Bg7 9. g4 O-O 10. Bg5 a6 11. a4 Qa5 12. Kf1 Kh8 13. Ra3 Qc7 14. Bd2 Rb8 15. Qc1 Ng8 16. h4 Ndf6 17. g5 Nh5 18. Ng1 f5 19. Bxh5 gxh5 20. Nge2 Qf7 21. Rh2 Ne7 22. Qd1 f4 23. Rb3 Qg6 24. f3 h6 25. gxh6 Bxh6 26. Be1 Qg8 27. Bf2 Rf6 28. a5 Rg6 29. Rb6 Bd7 30. Qb3 Qc8 31. Qa3 Qc7 32. b4 Nc8 33. bxc5 Nxb6 34. axb6 Qc8 35. Qb2 dxc5 36. Nc1 Bf8 37. Nd3 Bd6 38. Ne2 Kh7 39. Nxe5 Qh8 40. Nd3 Qxb2 41. Nxb2 a5 42. Nd3 Rc8 43. Nc3 Bf8 44. e5 Rxb6 45. Nxf4 a4 46. Nxh5 Bf5 47. Nf6+ Kh8 48. Nfe4 a3 49. Bg3 Rb2 50. d6 Ra8 51. Nxc5 a2 52. Nxa2 Rxh2 53. Bxh2 Rxa2 54. e6 Rxh2 55. e7 Bxe7 56. dxe7 Bg6 57. Ne4 Ra2 58. Nd6 Ra8 59. f4 Kg7 60. f5 Be8 0-1

[Event "IV Torneo de Semana Santa"]
[Site "Los Llanos de Aridane"]
[Date "2019.04.15"]
[Round "4.2"]
[White "Molina Rodriguez, Borja"]
[Black "Brito Garcia, Alfredo"]
[Result "0-1"]
[ECO "C41"]
[WhiteElo "2070"]
[BlackElo "2311"]
[Annotator "RC"]
[PlyCount "62"]
[EventDate "2019.04.13"]
[EventType "swiss"]
[EventCountry "ESP"]
[SourceTitle "playchess.com"]
[Source "ChessBase"]
[SourceQuality "1"]
[TimeControl "5400+30"]

1. e4 d6 2. d4 Nf6 3. Nc3 e5 4. Nf3 Nbd7 5. Bc4 Be7 6. dxe5 dxe5 7. Bxf7+ Kxf7 8. Ng5+ Kg8 9. Ne6 Qe8 10. Nxc7 Qg6 11. Nxa8 Qxg2 12. Rf1 h6 13. Qe2 Ng4 14. Be3 Nxh2 15. O-O-O Nxf1 16. Rxf1 Bg5 17. Qc4+ Kh7 18. Rd1 Nf6 19. Nc7 Bxe3+ 20. fxe3 Bg4 21. Rf1 Rd8 22. b3 Rd2 23. Rxf6 Rxc2+ 24. Kb1 Rxc3 25. Rxh6+ Kxh6 26. Qxc3 Bf3 27. Qxe5 Bxe4+ 28. Ka1 Qc2 29. Qf4+ g5 30. Qf6+ Kh5 31. Qf7+ Kh4 0-1

[Event "IV Torneo de Semana Santa"]
[Site "Los Llanos de Aridane"]
[Date "2019.04.15"]
[Round "4.4"]
[White "Hernandez Leon, Alberto"]
[Black "Haertl, Siegfried"]
[Result "1-0"]
[ECO "D46"]
[WhiteElo "2280"]
[BlackElo "1911"]
[Annotator "NA RC"]
[PlyCount "43"]
[EventDate "2019.04.13"]
[EventType "swiss"]
[EventCountry "ESP"]
[SourceTitle "playchess.com"]
[Source "ChessBase"]
[SourceQuality "1"]
[TimeControl "5400+30"]

1. d4 d5 2. c4 c6 3. Nf3 Nf6 4. e3 e6 5. Nbd2 Be7 6. Bd3 O-O 7. O-O b6 8. e4 dxe4 9. Nxe4 Bb7 10. Qe2 Nbd7 11. Rd1 {[%emt 0:12:51] D46: Semi-Slav: 5 e3 Nbd7 6 Bd3, Black avoids the Meran} (11. Nxf6+ Nxf6 12. Bg5 Qc7 13. Rfe1 Rfe8 14. Bc2 Rad8 15. a3 h6 16. Bh4 c5 17. d5 g5 18. Bg3 Bd6 {½-½ (34) Sjugirov,S (2669)-Potkin,V (2605) Moscow 2015}) 11... Re8 12. Ne5 Nxe4 13. Qxe4 $146 ({Predecessor:} 13. Bxe4 Nxe5 14. dxe5 Qc7 15. Rd3 Rad8 {½-½ (46) Serdt,S (2302)-Buzeti,J (2128) Celje 2007}) 13... Nf6 14. Qf3 Qc8 15. Bg5 c5 16. Qg3 cxd4 17. Qh4 Qc7 18. Ng4 Ne4 $1 19. Bxe4 $11 Bxg5 20. Qxg5 Bxe4 21. Qh4 Bb7 22. Nf6+ 1-0

[Event "IV Torneo de Semana Santa"]
[Site "Los Llanos de Aridane"]
[Date "2019.04.15"]
[Round "4.7"]
[White "Fernandez Gonzalez, Sergio"]
[Black "Alonso Perez, Alfredo"]
[Result "1-0"]
[ECO "A15"]
[WhiteElo "2089"]
[BlackElo "1735"]
[Annotator "NA RC"]
[PlyCount "67"]
[EventDate "2019.04.13"]
[EventType "swiss"]
[EventCountry "ESP"]
[SourceTitle "playchess.com"]
[Source "ChessBase"]
[SourceQuality "1"]
[TimeControl "5400+30"]

1. c4 Nf6 2. g3 c6 3. Bg2 g6 4. e4 e5 5. d4 d6 6. dxe5 dxe5 7. Qxd8+ Kxd8 8. Bg5 Bg7 9. Nc3 h6 10. O-O-O+ Kc7 11. Be3 Be6 12. b3 Na6 13. h3 Rad8 14. Nge2 Nd7 15. f4 f6 16. g4 b6 17. f5 gxf5 18. exf5 Bf7 19. Ne4 Bf8 20. N2g3 Be7 21. h4 Rdg8 22. Bf3 Nab8 23. Rh2 c5 24. Rhd2 Be8 25. Nd6 Bxd6 26. Rxd6 Na6 27. Ne4 Rf8 28. Nc3 Rh7 29. Nb5+ Kb8 30. Bc6 Rff7 31. Re6 Nc7 32. Nd6 Nxe6 33. fxe6 Re7 34. Nxe8 1-0

[Event "IV Torneo de Semana Santa"]
[Site "Los Llanos de Aridane"]
[Date "2019.04.16"]
[Round "5.1"]
[White "Rodriguez Ferraz, Borja"]
[Black "Hernandez Leon, Alberto"]
[Result "1/2-1/2"]
[ECO "A38"]
[WhiteElo "2212"]
[BlackElo "2280"]
[Annotator "NA"]
[PlyCount "55"]
[EventDate "2019.04.13"]
[EventType "swiss"]
[EventCountry "ESP"]
[SourceTitle "playchess.com"]
[Source "ChessBase"]
[SourceQuality "1"]
[TimeControl "5400+30"]

1. c4 g6 2. Nf3 Bg7 3. g3 Nf6 4. Bg2 c5 5. O-O O-O 6. Nc3 Nc6 7. d3 d6 8. a3 a6 9. Rb1 Rb8 10. b4 Nd7 11. b5 Nd4 12. Nxd4 cxd4 13. Na4 axb5 14. Rxb5 b6 15. Bg5 Ba6 16. Rb4 b5 17. cxb5 Rxb5 18. Rxb5 Bxb5 19. Nb2 Nc5 20. a4 Ba6 21. Qc2 Qd7 22. Ra1 Rc8 23. Qd1 d5 24. a5 Bb5 25. Bd2 e5 26. Bb4 Na6 27. Bd2 Nc5 28. Bb4 1/2-1/2

[Event "IV Torneo de Semana Santa"]
[Site "Los Llanos de Aridane"]
[Date "2019.04.16"]
[Round "5.3"]
[White "Alonso Alvarez, Aitor"]
[Black "Hernandez Leon, Sergio"]
[Result "1-0"]
[ECO "A80"]
[WhiteElo "2284"]
[BlackElo "2157"]
[Annotator "NA"]
[PlyCount "95"]
[EventDate "2019.04.13"]
[EventType "swiss"]
[EventCountry "ESP"]
[SourceTitle "playchess.com"]
[Source "ChessBase"]
[SourceQuality "1"]
[TimeControl "5400+30"]

1. d4 f5 2. Nc3 Nf6 3. Bg5 d5 4. Bxf6 exf6 5. e3 Be6 6. Bd3 Nc6 7. Qf3 Qd7 8. Nge2 Nb4 9. Nf4 Nxd3+ 10. cxd3 O-O-O 11. Nxe6 Qxe6 12. O-O-O g6 13. Kb1 Bb4 14. Ne2 Bd6 15. h4 Rhg8 16. Nf4 Bxf4 17. Qxf4 g5 18. hxg5 fxg5 19. Qe5 Qf7 20. Rh6 Rdf8 21. Re6 Rg7 22. Qxd5 Rg6 23. Re5 Qxd5 24. Rxd5 f4 25. e4 h5 26. Rh1 h4 27. f3 c6 28. Rc5 b6 29. Rc2 Kb7 30. Rhc1 Rf7 31. b4 a6 32. a4 Rd7 33. b5 Rxd4 34. Rxc6 Rxc6 35. Rxc6 Rxd3 36. Rg6 axb5 37. axb5 Rb3+ 38. Kc2 Rxb5 39. Kc3 Kc7 40. Kd4 Kd7 41. e5 Rb4+ 42. Kd5 Ke7 43. Rg7+ Kf8 44. Rxg5 Kf7 45. Rh5 Rb2 46. Rxh4 Rxg2 47. Rxf4+ Ke7 48. Rb4 1-0